 Dungeon Crawl Stone Soup version 0.14-a0-3367-g7c2a7eb (webtiles) character file.

6140 KaKa the Carver (level 10, -5/78 HPs)
             Began as a Minotaur Fighter on Mar 19, 2014.
             Was a Believer of the Shining One.
             Slain by a giant slug (10 damage)
             ... on Level 8 of the Dungeon.
             The game lasted 00:38:52 (6982 turns).

KaKa the Carver (Minotaur Fighter)                  Turns: 6982, Time: 00:38:52

HP  -5/78        AC 11     Str 24      XL: 10   Next: 53%
MP   1/1         EV  4     Int  5      God: the Shining One [**....]
Gold 243         SH 20     Dex 15      Spells:  0 memorised,  9 levels left

rFire  + . .     SeeInvis +     E - +8,+10 long sword of Xom's Anger {antimagic, *Rage rF+ Str+2 SInv}
rCold  . . .     Rnd*Rage +     O - +0 plate armour
rNeg   + . .     Conserve .     c - +0 shield
rPois  .         rCorr    .     (helmet restricted)
rElec  .         rRot     .     (no cloak)
SustAb + .       Spirit   .     (no gloves)
rMut   .         Warding  .     (no boots)
Saprov . . .     Stasis   .     (no amulet)
MR     .....                    p - +3 ring of dexterity
                                r - ring of sustain abilities

@: glowing, not resistant to hostile enchantments, extremely unstealthy
A: retaliatory headbutt, horns 2
a: Divine Shield, Renounce Religion


You were on level 8 of the Dungeon.
You worshipped the Shining One.
The Shining One was pleased with you.
You were hungry.

You visited 2 branches of the dungeon, and saw 9 of its levels.

You collected 295 gold pieces.
You spent 52 gold pieces at shops.

Inventory:

Hand weapons
 a - a +1,+0 flail
 n - a +1,+2 whip of freezing
 E - the +8,+10 long sword of Xom's Anger (weapon) {antimagic, *Rage rF+ Str+2 SInv}
   (You found it on level 4 of the Dungeon)

   It disrupts the flow of magical energy around spellcasters and certain
   magical creatures (including the wielder).
   It affects your strength (+2).
   It protects you from fire.
   It enhances your eyesight.
   It may make you go berserk in combat.
 M - a +3,+3 flail of crushing
 N - a +1,+2 mace of protection
 V - the cursed +1,+7 long sword "Juox" {slice, +Inv}
   (You found it on level 7 of the Dungeon)

   It inflicts extra damage upon your enemies.
   It lets you turn invisible.
   It has a curse placed upon it.
Missiles
 i - 19 steel darts
 v - 7 tomahawks (quivered)
 x - a throwing net
Armour
 c - a +0 shield (worn)
 O - a +0 plate armour (worn)
Magical devices
 b - a wand of flame (5)
 e - a wand of paralysis (9)
 q - a wand of lightning (4)
 u - a wand of paralysis (3)
 F - a wand of heal wounds (3) {unknown}
 H - a wand of slowing (13) {unknown}
Comestibles
 d - 3 bread rations
 f - 4 meat rations
 j - an apricot
 l - an apple
 z - a snozzcumber
 Q - a banana
 T - 14 sultanas
Scrolls
 h - 5 scrolls of identify
 s - 3 scrolls of fog
 t - a scroll of enchant weapon III
 y - 2 scrolls of enchant weapon I
 J - a scroll of blinking {unknown}
 R - a scroll of remove curse
 S - a scroll of noise {unknown}
 W - 3 scrolls of magic mapping {unknown}
 X - a scroll of enchant armour {unknown}
Jewellery
 m - an uncursed ring of teleportation
 p - a +3 ring of dexterity (right hand)
 r - a ring of sustain abilities (left hand)
 Z - an uncursed amulet of guardian spirit
Potions
 g - 2 potions of magic
 k - 2 potions of curing
 w - a potion of degeneration {unknown}
 A - a potion of mutation {unknown}
 B - a potion of might
 D - a potion of invisibility
 K - a potion of restore abilities {unknown}
 L - a potion of confusion {unknown}
 P - a potion of agility {unknown}
 U - a potion of beneficial mutation {unknown}


   Skills:
 - Level 4.0 Fighting
 + Level 14.9 Long Blades
 - Level 10.3 Maces & Flails
 - Level 4.0 Armour
 - Level 3.9 Shields


You had 9 spell levels left.
You didn't know any spells.

Dungeon Overview and Level Annotations

Branches:
Dungeon (8/15)             Temple (1/1) D:4
   Lair: D:8-11

Altars:
Ashenzari
Cheibriados
Dithmenos
Elyvilon
Fedhas
Kikubaaqudgha
Nemelex Xobeh
Okawaru
Sif Muna
Vehumet
Xom
Yredelemnul
Zin
The Shining One

Shops:
D:6 *   D:7 ?


Innate Abilities, Weirdness & Mutations

You reflexively headbutt those who attack you in melee.
You have a pair of horns on your head.


Message History

You slash the giant slug!
The giant slug is heavily wounded.
You slice the giant slug!!
The giant slug is almost dead.
The giant slug bites you!
* * * LOW HITPOINT WARNING * * *
You slash the giant slug!
You kill the giant slug!
Things that are here:
a giant slug corpse; a yak corpse Butcher a giant slug corpse? [(y)es/(c)hop/(n)o/(a)ll/(q)uit/?]
Butcher a yak corpse? [(y)es/(c)hop/(n)o/(a)ll/(q)uit/?]
The giant slug swivels its eye-stalks towards you.
You start butchering the yak corpse.
You continue butchering the corpse.
You continue butchering the corpse. x2
You finish butchering the yak corpse.
Things that are here:
a yak skeleton; a giant slug corpse; a chunk of yak flesh The giant slug bites you!
You die...

#################################
..............................<..
.................................
.................................
###'###........%<#############..#
......#.........%# #..#
......#..........# #..#
......#..........# #..#
......#.########@#############..#
#######.# #j................
........# #....#############
........# #....# # .######.#
#....# # !# #.# #....# # .# #.#
#....############# .# #)#
#................. .#
#.########...............##


You could see a giant slug.

Vanquished Creatures
  Pikel (D:4)
  Grinder (D:6)
  10 yaks
  Eustachio (D:4)
  Edmund (D:6)
  3 slaves (D:4)
  2 orc warriors
  2 porcupines (D:7)
  4 sky beasts
  An ice beast (D:6)
  2 ogres
  A centaur (D:8)
  6 giant frogs
  A big kobold (D:8)
  A giant slug (D:8)
  A water moccasin zombie (D:6)
  3 scorpions
  3 wights (D:8)
  A jelly (D:8)
  10 killer bees
  A goliath beetle (D:6)
  A crimson imp (D:8)
  A giant frog zombie (D:7)
  2 giant frog skeletons
  5 hounds
  6 orc wizards (D:6)
  2 black bear skeletons
  3 orc priests
  4 worker ants
  Natasha (D:4)
  An iguana (D:6)
  A mummy (D:8)
  8 adders
  4 gnolls (D:7)
  2 green rats
  A shadow imp (D:6)
  A steam dragon skeleton (D:7)
  2 inept feature mimics
  A worm (D:8)
  A giant mite (D:5)
  An adder zombie (D:6)
  An adder skeleton (D:6)
  A giant eyeball (D:4)
  5 giant geckos
  24 orcs
  3 giant cockroaches
  17 goblins
  13 hobgoblins
  7 jackals
  18 kobolds
  3 ball pythons
  A ball python skeleton (D:6)
  19 bats
  2 giant newts
  A giant spore (D:7)
  2 orc zombies
  4 quokkas
  A quokka skeleton (D:6)
  A quokka zombie (D:5)
  9 rats
  A rat zombie (D:5)
  6 ballistomycetes (D:7)
243 creatures vanquished.

Vanquished Creatures (others)
  A worker ant (D:4)
  Natasha (D:4)
  A jackal (D:4)
3 creatures vanquished.

Grand Total: 246 creatures vanquished

Notes
Turn   | Place    | Note
--------------------------------------------------------------
     0 | D:1      | KaKa, the Minotaur Fighter, began the quest for the Orb.
     0 | D:1      | Reached XP level 1. HP: 19/19 MP: 1/1
   187 | D:1      | Reached XP level 2. HP: 27/27 MP: 1/1
   780 | D:2      | Reached XP level 3. HP: 30/33 MP: 2/2
   784 | D:2      | Reached skill level 4 in Armour
  1369 | D:3      | Found a blossoming altar of Fedhas.
  1453 | D:3      | Found a blossoming altar of Fedhas.
  1557 | D:3      | Reached XP level 4. HP: 30/40 MP: 2/2
  1710 | D:3      | Reached skill level 5 in Maces & Flails
  2153 | D:4      | Noticed Eustachio
  2188 | D:4      | Noticed Pikel
  2188 | D:4      | Noticed a slave
  2188 | D:4      | Noticed a slave
  2188 | D:4      | Noticed a slave
  2189 | D:4      | Noticed a slave
  2194 | D:4      | Paralysed by a giant eyeball for 3 turns
  2201 | D:4      | Paralysed by a giant eyeball for 4 turns
  2207 | D:4      | Paralysed by a giant eyeball for 3 turns
  2220 | D:4      | Killed a slave
  2222 | D:4      | Paralysed by Pikel for 2 turns
  2226 | D:4      | Killed a slave
  2232 | D:4      | Killed a slave
  2233 | D:4      | Paralysed by Pikel for 6 turns
  2242 | D:4      | Paralysed by a giant eyeball for 4 turns
  2246 | D:4      | Killed Pikel
  2246 | D:4      | Reached skill level 9 in Maces & Flails
  2246 | D:4      | Reached XP level 5. HP: 23/46 MP: 2/2
  2246 | D:4      | Reached XP level 6. HP: 26/52 MP: 3/3
  2246 | D:4      | Reached XP level 7. HP: 29/59 MP: 3/3
  2287 | D:4      | Killed Eustachio
  2505 | D:4      | Noticed an ogre
  2513 | D:4      | Killed an ogre
  2513 | D:4      | Reached skill level 10 in Maces & Flails
  2534 | D:4      | Found a staircase to the Ecumenical Temple.
  2541 | Temple   | Entered the Ecumenical Temple
  2713 | Temple   | Became a worshipper of the Shining One
  2763 | D:4      | Noticed Natasha
  2889 | D:4      | Got a pitted long sword
  2890 | D:4      | Identified the +8,+10 long sword of Xom's Anger {antimagic, *Rage rF+ Str+2 SInv} (You found it on level 4 of the Dungeon)
  3214 | D:4      | Killed Natasha
  3214 | D:4      | Reached skill level 1 in Long Blades
  3228 | D:4      | Killed Natasha
  3285 | D:5      | Entered Level 5 of the Dungeon
  3481 | D:5      | Reached XP level 8. HP: 66/66 MP: 1/3
  3692 | D:5      | Found a basalt altar of Yredelemnul.
  3889 | D:5      | Found an iron altar of Okawaru.
  4070 | D:6      | Noticed Grinder
  4077 | D:6      | Killed Grinder
  4244 | D:6      | Noticed Edmund
  4261 | D:6      | Killed Edmund
  4456 | D:6      | Reached XP level 9. HP: 50/71 MP: 1/4
  4459 | D:6      | Acquired the Shining One's first power
  4667 | D:6      | Found Fotradauza's Assorted Antiques.
  4801 | D:6      | Reached skill level 10 in Long Blades
  4823 | D:6      | Bought a scroll labeled FUIDIS NIRGHAADU for 26 gold pieces
  4823 | D:6      | Bought a scroll labeled SAXTOFIUMA for 26 gold pieces
  5050 | D:7      | Found Twasi's Magic Scroll Shop.
  5110 | D:7      | Found a snail-covered altar of Cheibriados.
  5366 | D:7      | Reached skill level 11 in Long Blades
  5442 | D:7      | Got a bone long sword
  5443 | D:7      | Identified the +1,+7 long sword "Juox" {slice, +Inv} (You found it on level 7 of the Dungeon)
  5622 | D:7      | Found a shattered altar of Ashenzari.
  5932 | D:8      | Reached skill level 12 in Long Blades
  6257 | D:8      | Reached skill level 13 in Long Blades
  6347 | D:8      | Reached XP level 10. HP: 78/78 MP: 1/4
  6387 | D:8      | Acquired the Shining One's second power
  6502 | D:7      | Reached skill level 14 in Long Blades
  6506 | D:7      | HP: 3/78 [porcupine's spines (5)]
  6973 | D:8      | HP: 3/78 [giant slug (10)]
  6982 | D:8      | Slain by a giant slug

Action                   |  1- 3 |  4- 6 |  7- 9 | 10-12 || total
-------------------------+-------+-------+-------+-------++-------
Melee: Flail             |   107 |    75 |     1 |       ||   183
       Whip              |       |       |    36 |       ||    36
       Long sword        |       |       |   292 |    82 ||   374
Throw: Dart              |       |     2 |       |       ||     2
Evoke: Wand              |       |     1 |       |       ||     1
  Use: Scroll            |     6 |       |     7 |     1 ||    14
       Potion            |       |     5 |     1 |     4 ||    10
 Stab: Invisible         |       |     5 |       |       ||     5
